 Dungeon Crawl Stone Soup version 0.30-a0-561-g1b0378597e (webtiles) character file.

Game seed: 8180448392776130143

21 M4edhros the Cudgeller (level 2, -1/21 HPs)
             Began as an Octopode Chaos Knight on Dec 28, 2022.
             Was a Plaything of Xom.
             Slain by a harpy (shapeshifter) (10 damage)
             ... on level 3 of the Dungeon.
             The game lasted 00:00:50 (862 turns).

M4edhros the Cudgeller (Octopode Chaos Knight)       Turns: 862, Time: 00:00:50

Health: -1/21      AC:  1    Str: 17    XL:     2   Next: 83%
Magic:  2/2        EV: 13    Int: 14    God:    Xom [......]
Gold:   28         SH:  0    Dex: 11    Spells: 1/1 levels left

rFire   . . .      SeeInvis .    a - +0 mace (chaos)
rCold   . . .      Faith    .    (no shield)
rNeg    . . .      Spirit   .    (helmet restricted)
rPois   .          Reflect  .    (no amulet)
rElec   .          Harm     .    l - +6 ring of strength
rCorr   .          Rampage  .    (no ring)
Will    .....                    (no ring)
Stlth   ++                       (no ring)
HPRegen 0.23/turn                (no ring)
MPRegen 0.08/turn                (no ring)
                                 (no ring)
                                 (no ring)

@: no status effects
A: almost no armour, amphibious, 8 rings, camouflage 1, gelatinous body 1,
(nimble swimmer 1), tentacles, deterioration 1
a: Renounce Religion


You were on level 3 of the Dungeon.
You worshipped Xom.
You were a very special plaything of Xom.
You visited 1 branch of the dungeon, and saw 3 of its levels.

You collected 28 gold pieces.

Inventory:

Hand Weapons
 a - a +0 mace of chaos (weapon)
Missiles
 h - 4 poisoned darts
Jewellery
 l - a +6 ring of strength (left tentacle)
Scrolls
 e - a scroll of teleportation {unknown}
 f - a scroll of torment {unknown}
 i - a scroll of identify {unknown}
 j - a scroll of poison {unknown}
Potions
 c - a potion of magic {unknown}
 d - a potion of might {unknown}
 g - 2 potions of cancellation {unknown}
 k - a potion of haste {unknown}
 m - a potion of lignification {unknown}
 n - a potion of berserk rage {unknown}
Miscellaneous
 b - a piece from Xom's chessboard (15/15) (quivered)


   Skills:
 + Level 3.2 Fighting
 * Level 3.5 Maces & Flails
 + Level 2.6 Dodging


You had one spell level left.
You didn't know any spells.
Your spell library contained the following spells:

 Spells                   Type           Power      Damage    Failure   Level
 Stone Arrow              Conj/Erth      0%         3d7       65%         3
 Lehudib's Crystal Spear  Conj/Erth      0%         10d2      100%        8
 Animate Armour           Summ/Erth      Unusable   N/A       N/A         4

Dungeon Overview and Level Annotations

Branches:
Dungeon (3/15)

Altars:

Shops:
D:1 *


Innate Abilities, Weirdness & Mutations

You cannot wear most types of armour.
You are amphibious.
You can wear up to eight rings at the same time.
Your skin changes colour to match your surroundings (Stealth+).
Your rubbery body absorbs attacks. (AC +1, EV +1)
((You are camouflaged when in or above water. (Stealth+)))
You have tentacles for arms and can constrict up to eight enemies at once.
Your body sometimes deteriorates upon taking damage.


Message History

n - a fuming yellow potion You now have enough gold to buy a scroll labelled KOERCH TAUFRID on D:1, or buy a scroll labelled RUCKIEN KA AVA on D:1.
You can access your shopping list by pressing '$'.
You now have 28 gold pieces (gained 5).
No target in view!
You pick up a book of Armaments and begin reading...
You add the spells Stone Arrow and Lehudib's Crystal Spear to your library.
No target in view!
No target in view!
No target in view!
No target in view!
No target in view!
You open the door.
There is an open door here.
You open the door.
There is an open door here.
You open the door.
An ice beast comes into view.
Found a leather armour.
An ice beast is nearby!
A hobgoblin comes into view.
The hobgoblin shouts!
There is an open door here.
There are monsters nearby!
The ice beast barely misses you.
There are monsters nearby!
You hit the ice beast.
The ice beast changes into a shapeshifter!
You grab the shapeshifter. You squeeze the shapeshifter!
The shapeshifter is moderately wounded.
You constrict the shapeshifter.
You lose your grip on the harpy.
The shapeshifter changes into a harpy!
You thump the harpy! You burn the harpy. Your grab misses the harpy.
The harpy is heavily wounded.
The harpy claws you!
Ouch! That really hurt!
A shower of butterflies erupts from you!
The harpy claws you!
You die...
Xom is highly amused!

...## ### ....# ###.####
###'#..######
#............
#....#.###### #....+.#
######+##
#....###########b.......
.<...'.........'@Hb.....
#....###########........
#....# #........ #....#
#..g..... #....#
#........ ######
#........ #........
#........


You could see a harpy shaped shifter (ally target) and a hobgoblin.

Vanquished Creatures
  A dart slug (D:2)
  An endoplasm (D:1)
  3 hobgoblins
  3 jackals (D:2)
  3 kobolds (D:1)
  2 ball pythons (D:1)
  A bat (D:1)
  2 frilled lizards
  2 rats
18 creatures vanquished.

Notes
Turn   | Place    | Note
-------+----------+-------------------------------------------
     0 | D:1      | M4edhros the Octopode Chaos Knight began the quest for the
                  | Orb.
     0 | D:1      | Reached XP level 1. HP: 16/16 MP: 1/1
   327 | D:1      | XOM: potion effect (berserk rage)
   415 | D:1      | XOM: divination: detect creatures
   427 | D:1      | Reached XP level 2. HP: 21/21 MP: 2/2
   449 | D:1      | Found Yrogud's Assorted Antiques.
   582 | D:1      | XOM: silly message
   637 | D:2      | XOM: stealth player
   726 | D:2      | XOM: swap monsters
   739 | D:2      | You fall into a shaft and drop 1 floor!
   746 | D:3      | XOM: summons 2 hostile shadow creatures
   797 | D:3      | XOM: give mutation
   797 | D:3      | Gained mutation: Your body sometimes deteriorates upon
                  | taking damage. [Xom's mischief]
   799 | D:3      | XOM: 2-stop teleportation journey
   858 | D:3      | Noticed an ice beast
   861 | D:3      | an ice beast changed into a shapeshifter
   861 | D:3      | Noticed a shapeshifter (shapeshifter)
   861 | D:3      | a shapeshifter changed into a harpy
   861 | D:3      | Noticed a harpy (shapeshifter)
   862 | D:3      | XOM: butterfly on damage
   862 | D:3      | Slain by a harpy (shapeshifter)

Illustrated notes

Levels and vault maps discovered:
D:1:      dpeg_cavernosity, layout_basic, serial_shops, shop,
          minmay_misc_feat_iff, amcnicky_mini_pool_small
D:2:      layout_rooms, basic_altar, serial_bayou_pond_e
D:3:      layout_basic

Action                   || total
-------------------------++-------
Melee: Mace              ||    30
       Tentacles         ||     7
       Constrict         ||     9
Dodge: Dodged            ||    22

Table legend: (Time is in decaauts)
 A = Elapsed time spent in this place.
 B = Non-inter-level travel time spent in this place.
 C = Inter-level travel time spent in this place.
 D = Time resting spent in this place.
 E = Time spent auto-exploring this place.
 F = Levels seen in this place.
 G = Mean time per level.
                   A        B        C        D        E       F      G
               +--------+--------+--------+--------+--------+-----+--------+
         Total |    882 |    833 |     49 |      0 |    683 |   3 |  294.0 |
       Dungeon |    882 |    833 |     49 |      0 |    683 |   3 |  294.0 |
               +--------+--------+--------+--------+--------+-----+--------+

Top non-repeatable levels by time:
     D:1: 654 daAuts
     D:3: 123 daAuts
     D:2: 103 daAuts
